[ AOE2 MATCH · #504646558 ]
UnrankedPersians vs Jurchens
Player's team · WIN
Rival team · LOSS
[ REPLAY ANALYSIS · EXTRACTED FROM THE RECORDED GAME ]
Feudal
11:02
Castle
19:41
Imperial
—
| APM avg | 57.2 |
| APM peak | 95 |
| eAPM avg | 23.7 |
| Villagers / military | 112 / 10 |
Focus
⚔️ 30.9% · 🌾 69.1%
Spearman ×3 · Militia ×2 · Camel Scout ×2 · Monk ×1 · Knight ×1 · Mangonel ×1
Feudal
9:28
Castle
20:25
Imperial
—
| APM avg | 37.3 |
| APM peak | 73 |
| eAPM avg | 14.0 |
| Villagers / military | 63 / 37 |
Focus
⚔️ 33.2% · 🌾 66.8%
Cavalry Archer ×28 · Scout Cavalry ×4 · Battering Ram ×3 · Iron Pagoda ×2
Match map
Initial resources + every placement click. Lines = walls · curves = elevation contours. ◆ gold · ⬟ stone · ● berries · ✦ relic · ◌ wall gap
Your base· ✓ Closed at 19:41 · 49t walls · no gate
kleomu's base· Open — opponent sealed themselves in
Smoothed initial terrain · ◌ = detected wall gap · hover for details
Inputs per minute
— Rodmantis - - kleomu
Build order — Rodmantis
First 150 of 235 actions detected
| 0:00 | Queue | Villager (Male) |
| 0:01 | Queue | Villager (Male) |
| 0:02 | Build | House |
| 0:02 | Build | House |
| 0:07 | Queue | Villager (Male) |
| 0:08 | Queue | Villager (Male) |
| 0:11 | Queue | Villager (Male) |
| 0:12 | Queue | Villager (Male) |
| 1:26 | Queue | Villager (Male) |
| 1:27 | Queue | Villager (Male) |
| 1:45 | Queue | Villager (Male) |
| 1:45 | Queue | Villager (Male) |
| 1:50 | Build | Barracks |
| 2:14 | Build | House |
| 2:18 | Queue | Villager (Male) |
| 2:18 | Queue | Villager (Male) |
| 2:48 | Queue | Villager (Male) |
| 2:49 | Queue | Villager (Male) |
| 2:49 | Queue | Villager (Male) |
| 3:09 | Queue | Militia |
| 3:21 | Queue | Militia |
| 3:31 | Queue | Villager (Male) |
| 3:32 | Queue | Villager (Male) |
| 3:48 | Build | House |
| 3:57 | Queue | Villager (Male) |
| 3:58 | Queue | Villager (Male) |
| 4:21 | Queue | Villager (Male) |
| 4:22 | Queue | Villager (Male) |
| 4:22 | Queue | Villager (Male) |
| 4:50 | Queue | Villager (Male) |
| 4:50 | Queue | Villager (Male) |
| 5:01 | Queue | Villager (Male) |
| 5:31 | Build | Lumber Camp |
| 5:48 | Queue | Villager (Male) |
| 6:09 | Queue | Villager (Male) |
| 6:30 | Queue | Villager (Male) |
| 6:35 | Queue | Villager (Male) |
| 6:48 | Queue | Villager (Male) |
| 6:52 | Build | House |
| 6:55 | Queue | Villager (Male) |
| 7:15 | Build | Palisade Wall |
| 7:17 | Research | Loom |
| 7:21 | Build | Mill |
| 7:36 | Build | House |
| 7:59 | Queue | Villager (Male) |
| 8:30 | Build | House |
| 8:30 | Queue | Villager (Male) |
| 8:37 | Build | Palisade Wall |
| 8:40 | Build | Palisade Wall |
| 8:58 | Research | Feudal Age |
| 8:59 | Research | Feudal Age |
| 9:03 | Build | House |
| 9:20 | Build | House |
| 9:42 | Build | Palisade Wall |
| 9:58 | Build | Palisade Wall |
| 10:07 | Queue | Villager (Male) |
| 10:10 | Build | Palisade Wall |
| 10:31 | Build | Palisade Wall |
| 10:56 | Queue | Villager (Male) |
| 11:02 | Age | Feudal Age |
| 11:07 | Research | Double-Bit Axe |
| 11:07 | Research | Double-Bit Axe |
| 11:11 | Research | Horse Collar |
| 11:11 | Research | Horse Collar |
| 11:13 | Build | Mining Camp |
| 11:15 | Queue | Villager (Male) |
| 11:21 | Build | Farm |
| 11:22 | Queue | Spearman |
| 11:29 | Queue | Villager (Male) |
| 11:37 | Queue | Villager (Male) |
| 11:38 | Build | Farm |
| 11:48 | Build | Farm |
| 12:00 | Queue | Villager (Male) |
| 12:04 | Build | Farm |
| 12:22 | Build | Farm |
| 12:28 | Queue | Villager (Male) |
| 12:31 | Build | Farm |
| 12:41 | Build | Farm |
| 13:03 | Queue | Villager (Male) |
| 13:10 | Build | House |
| 13:14 | Build | Farm |
| 13:38 | Build | House |
| 13:48 | Build | Farm |
| 13:53 | Build | Farm |
| 14:00 | Build | Farm |
| 14:02 | Queue | Villager (Male) |
| 14:06 | Build | Farm |
| 14:17 | Build | House |
| 14:18 | Queue | Villager (Male) |
| 14:31 | Queue | Spearman |
| 14:36 | Queue | Villager (Male) |
| 14:38 | Queue | Spearman |
| 14:51 | Build | Farm |
| 14:54 | Queue | Villager (Male) |
| 15:24 | Build | Blacksmith |
| 15:24 | Queue | Villager (Male) |
| 15:33 | Build | Lumber Camp |
| 15:38 | Build | Farm |
| 15:42 | Queue | Villager (Male) |
| 16:21 | Build | Stable |
| 16:28 | Queue | Villager (Male) |
| 16:50 | Queue | Villager (Male) |
| 16:53 | Build | Farm |
| 17:15 | Research | Castle Age |
| 17:16 | Research | Castle Age |
| 17:23 | Build | Farm |
| 17:53 | Research | Gold Mining |
| 17:54 | Research | Gold Mining |
| 18:11 | Build | House |
| 18:21 | Build | Farm |
| 18:23 | Build | Farm |
| 18:26 | Queue | Villager (Male) |
| 18:36 | Research | Bloodlines |
| 18:36 | Research | Bloodlines |
| 18:40 | Queue | Villager (Male) |
| 18:46 | Build | Farm |
| 19:21 | Queue | Villager (Male) |
| 19:30 | Queue | Villager (Male) |
| 19:38 | Queue | Villager (Male) |
| 19:41 | Age | Castle Age |
| 19:44 | Build | Town Center |
| 19:50 | Research | Bow Saw |
| 19:51 | Research | Bow Saw |
| 19:52 | Queue | Villager (Male) |
| 19:56 | Queue | Camel Scout |
| 20:04 | Research | Heavy Plow |
| 20:04 | Research | Heavy Plow |
| 20:06 | Queue | Villager (Male) |
| 20:09 | Queue | Camel Scout |
| 20:14 | Queue | Villager (Male) |
| 20:20 | Build | House |
| 20:24 | Build | House |
| 20:29 | Queue | Villager (Male) |
| 20:37 | Build | Monastery |
| 20:39 | Queue | Villager (Male) |
| 20:43 | Queue | Villager (Male) |
| 20:53 | Queue | Villager (Male) |
| 20:58 | Build | Farm |
| 21:07 | Queue | Villager (Male) |
| 21:13 | Research | Husbandry |
| 21:14 | Queue | Villager (Male) |
| 21:20 | Build | Farm |
| 21:21 | Queue | Villager (Male) |
| 21:30 | Build | Farm |
| 21:33 | Build | Farm |
| 21:44 | Build | House |
| 21:46 | Build | House |
| 21:47 | Queue | Villager (Male) |
| 21:48 | Queue | Monk |
| 21:49 | Queue | Villager (Male) |
Build order — kleomu
First 150 of 167 actions detected
| 0:01 | Queue | Villager (Male) |
| 0:01 | Queue | Villager (Male) |
| 0:02 | Queue | Villager (Male) |
| 0:03 | Build | House |
| 0:05 | Build | House |
| 0:24 | Queue | Villager (Male) |
| 0:24 | Queue | Villager (Male) |
| 1:26 | Queue | Villager (Male) |
| 1:26 | Queue | Villager (Male) |
| 1:50 | Queue | Villager (Male) |
| 1:50 | Queue | Villager (Male) |
| 2:04 | Queue | Villager (Male) |
| 2:04 | Queue | Villager (Male) |
| 2:05 | Queue | Villager (Male) |
| 2:58 | Queue | Villager (Male) |
| 2:58 | Queue | Villager (Male) |
| 2:58 | Queue | Villager (Male) |
| 3:15 | Build | Lumber Camp |
| 3:22 | Queue | Villager (Male) |
| 3:23 | Queue | Villager (Male) |
| 3:23 | Queue | Villager (Male) |
| 3:34 | Build | House |
| 3:55 | Queue | Villager (Male) |
| 3:56 | Queue | Villager (Male) |
| 4:48 | Queue | Villager (Male) |
| 4:51 | Build | Mill |
| 4:55 | Queue | Villager (Male) |
| 4:59 | Queue | Villager (Male) |
| 5:03 | Queue | Villager (Male) |
| 5:03 | Queue | Villager (Male) |
| 5:09 | Build | Palisade Wall |
| 5:19 | Build | Palisade Wall |
| 5:23 | Build | Palisade Wall |
| 5:24 | Build | Palisade Wall |
| 5:27 | Queue | Villager (Male) |
| 5:43 | Research | Loom |
| 6:21 | Build | Palisade Wall |
| 6:24 | Build | Palisade Wall |
| 6:26 | Build | Palisade Wall |
| 6:29 | Build | Palisade Wall |
| 7:12 | Research | Feudal Age |
| 8:15 | Build | Barracks |
| 8:38 | Build | Farm |
| 8:52 | Build | Palisade Wall |
| 9:03 | Queue | Villager (Male) |
| 9:03 | Queue | Villager (Male) |
| 9:14 | Build | House |
| 9:28 | Age | Feudal Age |
| 10:09 | Build | Stable |
| 10:12 | Queue | Villager (Male) |
| 10:27 | Build | Palisade Wall |
| 10:53 | Build | Farm |
| 10:59 | Queue | Scout Cavalry |
| 10:59 | Queue | Scout Cavalry |
| 11:00 | Queue | Scout Cavalry |
| 11:00 | Queue | Scout Cavalry |
| 11:02 | Build | House |
| 11:04 | Build | House |
| 11:09 | Queue | Villager (Male) |
| 11:10 | Queue | Villager (Male) |
| 11:10 | Queue | Villager (Male) |
| 11:40 | Build | Lumber Camp |
| 11:43 | Queue | Villager (Male) |
| 11:52 | Queue | Villager (Male) |
| 12:02 | Queue | Villager (Male) |
| 12:18 | Queue | Villager (Male) |
| 12:36 | Queue | Villager (Male) |
| 12:40 | Build | Farm |
| 12:41 | Build | Farm |
| 13:01 | Queue | Villager (Male) |
| 13:12 | Queue | Villager (Male) |
| 13:22 | Queue | Villager (Male) |
| 13:31 | Queue | Villager (Male) |
| 13:40 | Queue | Villager (Male) |
| 13:46 | Build | House |
| 13:51 | Build | Farm |
| 13:52 | Build | Farm |
| 14:05 | Research | Double-Bit Axe |
| 14:05 | Research | Double-Bit Axe |
| 14:09 | Build | House |
| 14:44 | Build | Mining Camp |
| 14:53 | Build | Palisade Wall |
| 15:00 | Build | Farm |
| 15:01 | Build | Farm |
| 15:32 | Build | Farm |
| 15:48 | Build | Farm |
| 16:11 | Queue | Villager (Male) |
| 16:35 | Build | Market |
| 16:42 | Queue | Villager (Male) |
| 16:48 | Build | Palisade Wall |
| 16:55 | Build | Farm |
| 16:59 | Queue | Villager (Male) |
| 17:45 | Research | Castle Age |
| 17:49 | Build | Archery Range |
| 17:59 | Build | Palisade Gate |
| 18:14 | Build | House |
| 18:36 | Build | Archery Range |
| 18:49 | Research | Bloodlines |
| 18:50 | Research | Bloodlines |
| 19:08 | Build | Blacksmith |
| 19:26 | Queue | Villager (Male) |
| 19:31 | Build | Palisade Wall |
| 19:55 | Research | Fletching |
| 19:55 | Research | Fletching |
| 20:11 | Research | Horse Collar |
| 20:11 | Research | Horse Collar |
| 20:25 | Age | Castle Age |
| 20:29 | Queue | Cavalry Archer ×4 |
| 20:34 | Queue | Villager (Male) |
| 21:03 | Research | Bodkin Arrow |
| 21:03 | Research | Bodkin Arrow |
| 21:13 | Build | Monastery |
| 21:17 | Queue | Cavalry Archer |
| 21:18 | Queue | Cavalry Archer |
| 21:19 | Queue | Villager (Male) |
| 21:25 | Build | University |
| 21:45 | Research | Husbandry |
| 21:45 | Research | Husbandry |
| 21:45 | Research | Husbandry |
| 21:46 | Queue | Villager (Male) |
| 21:50 | Queue | Villager (Male) |
| 21:54 | Queue | Cavalry Archer ×3 |
| 21:57 | Queue | Villager (Male) |
| 22:03 | Research | Bow Saw |
| 22:03 | Research | Bow Saw |
| 22:04 | Research | Bow Saw |
| 22:31 | Research | Padded Archer Armor |
| 22:31 | Research | Padded Archer Armor |
| 22:39 | Build | House |
| 22:40 | Build | House |
| 22:53 | Queue | Villager (Male) |
| 22:53 | Queue | Villager (Male) |
| 22:58 | Build | House |
| 22:59 | Build | House |
| 23:00 | Build | House |
| 23:10 | Queue | Cavalry Archer |
| 23:10 | Queue | Cavalry Archer |
| 23:10 | Queue | Cavalry Archer |
| 23:14 | Queue | Cavalry Archer ×3 |
| 23:14 | Queue | Cavalry Archer ×3 |
| 23:14 | Queue | Cavalry Archer ×3 |
| 23:51 | Research | Ballistics |
| 23:51 | Research | Ballistics |
| 23:53 | Queue | Villager (Male) |
| 24:02 | Queue | Villager (Male) |
| 24:17 | Queue | Villager (Male) |
| 24:23 | Queue | Villager (Male) |
| 24:37 | Build | House |
| 25:27 | Queue | Villager (Male) |
| 25:34 | Queue | Cavalry Archer ×5 |
Match timeline
| 1:50 | Rodmantis · first_building Barracks |
| 5:09 | kleomu · wall_segment Palisade Wall x7 |
| 5:19 | kleomu · wall_segment Palisade Wall x5 |
| 5:23 | kleomu · wall_segment Palisade Wall x9 |
| 5:24 | kleomu · wall_segment Palisade Wall x1 |
| 6:21 | kleomu · wall_segment Palisade Wall x1 |
| 6:24 | kleomu · wall_segment Palisade Wall x1 |
| 6:26 | kleomu · wall_segment Palisade Wall x1 |
| 6:29 | kleomu · wall_segment Palisade Wall x1 |
| 7:15 | Rodmantis · wall_segment Palisade Wall x3 |
| 8:15 | kleomu · first_building Barracks |
| 8:37 | Rodmantis · wall_segment Palisade Wall x1 |
| 8:40 | Rodmantis · wall_segment Palisade Wall x10 |
| 8:52 | kleomu · wall_segment Palisade Wall x1 |
| 9:28 | kleomu · age_up feudal |
| 9:42 | Rodmantis · wall_segment Palisade Wall x8 |
| 9:58 | Rodmantis · wall_segment Palisade Wall x6 |
| 10:09 | kleomu · first_building Stable |
| 10:10 | Rodmantis · wall_segment Palisade Wall x12 |
| 10:27 | kleomu · wall_segment Palisade Wall x1 |
| 10:31 | Rodmantis · wall_segment Palisade Wall x10 |
| 11:02 | Rodmantis · age_up feudal |
| 14:53 | kleomu · wall_segment Palisade Wall x4 |
| 16:21 | Rodmantis · first_building Stable |
| 16:48 | kleomu · wall_segment Palisade Wall x6 |
| 17:49 | kleomu · first_building Archery Range |
| 19:31 | kleomu · wall_segment Palisade Wall x10 |
| 19:41 | Rodmantis · age_up castle |
| 20:25 | kleomu · age_up castle |
| 20:37 | Rodmantis · first_building Monastery |
| 21:13 | kleomu · first_building Monastery |
| 23:12 | kleomu · first_market_buy 100 wood |
| 23:38 | Rodmantis · first_building Archery Range |
| 23:39 | kleomu · first_market_sell 100 stone |
| 24:59 | Rodmantis · wall_segment Stone Wall x1 |
| 25:00 | Rodmantis · wall_segment Stone Wall x1 |
| 25:01 | Rodmantis · wall_segment Stone Wall x1 |
| 25:21 | Rodmantis · wall_segment Stone Wall x2 |
| 25:33 | Rodmantis · wall_segment Stone Wall x3 |
| 25:40 | Rodmantis · wall_segment Stone Wall x1 |
| 25:46 | Rodmantis · first_market_buy 100 wood |
| 25:48 | Rodmantis · first_building Siege Workshop |
| 26:04 | kleomu · first_building Siege Workshop |
| 28:45 | kleomu · resign |
[ AI ANALYSIS · 1 CREDIT ]
What really happened in this match?
Wolo.gg analyzes every decision: build order, eco, micro, common mistakes by bracket. Personalized analysis on WhatsApp or Discord in 30 seconds.
Civ guide
Persians
Perfil
Jugador #560581